 Dungeon Crawl Stone Soup version 0.27.1 (webtiles) character file.

Game seed: 748630950796883001

7928 Tinkle the Fighter (level 11, 0/99 HPs)
             Began as a Minotaur Berserker on Aug 27, 2021.
             Was an Elder of Trog.
             Slain by a fire crab (5 damage)
             ... in a Gauntlet on Aug 28, 2021.
             The game lasted 01:03:16 (11748 turns).

Tinkle the Fighter (Minotaur Berserker)            Turns: 11748, Time: 01:03:17

Health: 0/99       AC: 17    Str: 29    XL:     11   Next: 3%
Magic:  10/10      EV: 12    Int:  5    God:    Trog [****..]
Gold:   604        SH:  5    Dex: 11    Spells: 10/10 levels left

rFire    . . .     SeeInvis .   v - +2 hand axe (elec)
rCold    . . .     Faith    .   f - +0 buckler
rNeg     . . .     Spirit   .   o - +0 chain mail
rPois    .         Reflect  .   (helmet restricted)
rElec    .         Harm     .   G - +0 cloak
rCorr    .         Rampage  .   k - +2 pair of gloves
Will     .....     NoTele   +   p - +0 pair of boots
Stlth    ..........             z - amulet of the acrobat
HPRegen  0.26/turn              c - +6 ring of strength
MPRegen  0.12/turn              K - +4 ring of slaying

@: no status effects
A: horns 2, retaliatory headbutt
a: Renounce Religion, Berserk, Trog's Hand, Brothers in Arms


You were in a Gauntlet.
You worshipped Trog.
Trog was greatly pleased with you.
You visited 2 branches of the dungeon, and saw 12 of its levels.
You also visited: Gauntlet.

You collected 604 gold pieces.

Inventory:

Hand Weapons
 s - a +1 vorpal hand axe
 v - a +2 hand axe of electrocution (weapon)
Missiles
 x - 53 poisoned darts (quivered)
 y - 4 atropa-tipped darts
 B - a throwing net
Armour
 f - a +0 buckler (worn)
 k - a +2 pair of gloves (worn)
 o - a +0 chain mail (worn)
 p - a +0 pair of boots (worn)
 G - a +0 cloak (worn)
Jewellery
 c - a +6 ring of strength (left hand)
 i - a ring of poison resistance
 m - a +6 ring of dexterity
 z - an amulet of the acrobat (around neck)
 K - a +4 ring of slaying (right hand)
Wands
 C - a wand of polymorph (10)
 D - a wand of flame (30)
 H - a wand of acid (6)
 N - a wand of iceblast (9)
Scrolls
 b - a scroll of brand weapon {unknown}
 d - 6 scrolls of identify
 h - 3 scrolls of teleportation
 l - a scroll of amnesia {unknown}
 q - a scroll of enchant weapon
 w - a scroll of blinking
 E - a scroll of fear {unknown}
 F - a scroll of magic mapping {unknown}
 I - a scroll of immolation {unknown}
 O - a scroll of enchant armour {unknown}
Potions
 a - 4 potions of heal wounds
 e - a potion of curing
 g - a potion of cancellation
 j - 2 potions of haste
 n - a potion of invisibility
 r - a potion of flight
 t - a potion of resistance
 u - a potion of brilliance {unknown}
 A - a potion of degeneration {unknown}
 J - a potion of mutation {unknown}
 L - a potion of berserk rage {unknown}
 M - a potion of ambrosia {unknown}


   Skills:
 + Level 10.0 Fighting
 + Level 9.9 Axes
 + Level 9.5 Armour
 + Level 8.7 Dodging
 - Level 7.2 Shields
 + Level 3.6 Evocations


You had 10 spell levels left.
You didn't know any spells.
Your spell library was empty.

Dungeon Overview and Level Annotations

Branches:
Dungeon (11/15)            Temple (0/1) D:6            Lair (1/6) D:11
    Orc (0/2) D:10        Gauntlet (1/1)

Altars:
Ashenzari
Hepliaklqana
Kikubaaqudgha
Nemelex Xobeh
Uskayaw
Zin
The Shining One

Shops:
D:2 =   D:5 [   D:7 :   D:8 :

Annotations:
D:5 Need digging for shop Gauntlet 15 transporters


Innate Abilities, Weirdness & Mutations

You have a pair of horns on your head.
You reflexively headbutt those who attack you in melee.


Message History

Trog accepts your kill. The fire crab breathes flames at you.
The blast of flame misses you.
Your Fighting skill increases to level 10!
No reachable target in view!
You are engulfed in blazing flames.
Damage: -12%(-12hp) hp: 79%(78hp)
You are engulfed in blazing flames.
Damage: -15%(-15hp) hp: 64%(63hp)
You are engulfed in blazing flames.
The fire crab breathes flames at you. The blast of flame misses you.
Damage: -9%(-9hp) hp: 55%(54hp)
The fire crab breathes flames at you. The blast of flame engulfs you!
Damage: -10%(-10hp) hp: 45%(44hp)
You are engulfed in blazing flames.
* * * LOW HITPOINT WARNING * * *
The fire crab breathes flames at you.
The blast of flame engulfs you but does no damage.
Huge Dmg: -16%(-16hp) hp: 29%(28hp)
You are engulfed in blazing flames.
* * * LOW HITPOINT WARNING * * *
Damage: -5%(-5hp) hp: 24%(23hp)
You barely miss the fire crab. The fire crab closely misses you.
You furiously retaliate!
You headbutt the fire crab! The fire crab completely misses you.
You hit the fire crab. Your headbutt misses the fire crab.
The fire crab is moderately wounded.
The fire crab breathes flames at you. The blast of flame misses you.
You slash the fire crab!
Lightning courses through the fire crab!!
You headbutt the fire crab!
The fire crab is almost dead.
You are engulfed in blazing flames.
* * * LOW HITPOINT WARNING * * *
The fire crab bites you but does no damage.
The fire crab claws you.
You die...

######.##########################
.....#.#§≈8≈≈#©.........©........
.....#.##########################
###..#.#......°..#.#...)©....#.#Z
#8#..#.#..##.##..#.#.^.....^.#.#B
###..#.#?##..○##.#.#.#######^#.#.
#..#.#=#....○#○#.#.#^#.#.#.#.#.
###..#©#©...©.○○t#.#.†.†©††..#.#.
#8#..###.#.....#@#.##.#.#.#^##.##
###....#.##...##○#.#.#######.#.##
#....#..##.##○○#.#.........#.#?
###..#...°°....#.#.........#.#.
#8#..###########.###########.##
###§..................©........
#§§..........................
###################.∩.####### #8#
#8# #8# #8# #...# #8#


You could see a fire crab.

Vanquished Creatures
  A centaur warrior (D:10)
  A moth of wrath (Gauntlet)
  A komodo dragon (D:11)
  A troll (D:9)
  Grinder (D:3)
  A meliai zombie (D:11)
  A shadow (D:11)
  5 yaks (D:8)
  3 wyverns
  Eustachio (D:4)
  2 fire bats (Gauntlet)
  2 wargs (D:11)
  2 water moccasins (D:8)
  2 orc warriors
  An ice beast (D:7)
  3 sky beasts
  A black bear (D:5)
  2 necrophages
  3 ogres (D:6)
  5 centaurs
  6 wolves (Gauntlet)
  2 kobold brigands
  A wyvern zombie (D:7)
  A gnoll sergeant (D:5)
  A wyvern skeleton (D:7)
  6 killer bees
  3 howler monkeys
  A bullfrog zombie (D:6)
  4 centaur zombies
  5 hounds
  2 orc priests
  A centaur skeleton (D:7)
  4 iguanas
  8 orc wizards
  Natasha (thrice) (D:3)
  A killer bee zombie (D:8)
  A howler monkey zombie (D:8)
  4 gnolls (D:5)
  A howler monkey skeleton (D:5)
  2 adders
  A shadow imp (D:7)
  2 white imps
  2 adder skeletons (D:4)
  3 worms
  4 dart slugs
  18 orcs
  5 bats
  3 endoplasms
  2 giant cockroaches
  9 goblins
  A hobgoblin (D:1)
  6 quokkas
  10 ball pythons
  7 frilled lizards
  13 kobolds
  2 rats
184 creatures vanquished.

Vanquished Creatures (others)
  An orc wizard (D:6)
  4 fungi (Gauntlet)
  10 plants (Gauntlet)
15 creatures vanquished.

Grand Total: 199 creatures vanquished

Notes
Turn   | Place    | Note
-------+----------+-------------------------------------------
     0 | D:1      | Tinkle the Minotaur Berserker began the quest for the Orb.
     0 | D:1      | Reached XP level 1. HP: 19/19 MP: 0/0
    98 | D:1      | Huge Dmg: 4 dmg
   278 | D:1      | Reached XP level 2. HP: 26/27 MP: 1/1
   855 | D:2      | Reached skill level 4 in Fighting
   959 | D:2      | Reached XP level 3. HP: 32/33 MP: 2/2
   960 | D:2      | Reached ** piety under Trog
   991 | D:2      | Found Baappus's Jewellery Boutique.
  1232 | D:2      | Found a faded altar of an unknown god.
  1662 | D:3      | Noticed Grinder
  1716 | D:3      | Reached skill level 1 in Shields
  1756 | D:3      | Noticed Natasha
  1762 | D:3      | Huge Dmg: 7 dmg
  1763 | D:3      | Killed Natasha
  1764 | D:3      | Reached XP level 4. HP: 34/40 MP: 3/3
  2057 | D:3      | Paralysed by Grinder for 4 turns
  2326 | D:4      | Huge Dmg: 9 dmg
  2553 | D:4      | Noticed Eustachio
  2580 | D:4      | Killed Eustachio
  2581 | D:4      | Reached XP level 5. HP: 47/47 MP: 4/4
  2581 | D:4      | Reached XP level 6. HP: 55/55 MP: 5/5
  2586 | D:4      | Huge Dmg: 24 dmg
  2826 | D:4      | Reached skill level 5 in Fighting
  2916 | D:4      | Reached skill level 5 in Axes
  3275 | D:3      | Noticed Natasha
  3279 | D:3      | Killed Natasha
  3297 | D:3      | Killed Grinder
  3298 | D:3      | Reached XP level 7. HP: 61/61 MP: 6/6
  3302 | D:3      | Huge Dmg: 24 dmg
  3344 | D:3      | Noticed Natasha
  3352 | D:3      | Killed Natasha
  3884 | D:5      | Entered Level 5 of the Dungeon
  4122 | D:5      | Reached skill level 5 in Armour
  4185 | D:5      | Reached skill level 6 in Fighting
  4262 | D:5      | Found Donetav's Armour Shop.
  4338 | D:5      | Found a broken altar of Ashenzari.
  4361 | D:5      | Huge Dmg: 10 dmg
  4758 | D:5      | Reached skill level 5 in Dodging
  5127 | D:6      | Reached XP level 8. HP: 68/70 MP: 7/7
  5158 | D:6      | Found a staircase to the Ecumenical Temple.
  5198 | D:6      | Reached *** piety under Trog
  5209 | D:6      | Huge Dmg: 33 dmg
  5229 | D:6      | Huge Dmg: 13 dmg
  5600 | D:6      | Reached skill level 5 in Shields
  5781 | D:6      | Huge Dmg: 27 dmg
  5784 | D:6      | Reached skill level 7 in Fighting
  6254 | D:6      | Huge Dmg: 33 dmg
  6316 | D:7      | Found Emeifi's Book Shoppe.
  6340 | D:7      | Reached XP level 9. HP: 66/79 MP: 8/8
  6438 | D:7      | Huge Dmg: 26 dmg
  6964 | D:7      | Found a hide-covered altar of Uskayaw.
  7024 | D:7      | Found a glowing silver altar of Zin.
  7599 | D:8      | Reached skill level 8 in Fighting
  7627 | D:8      | Huge Dmg: 41 dmg
  7746 | D:8      | Found Apowk's Book Shop.
  7833 | D:8      | Reached XP level 10. HP: 90/90 MP: 9/9
  8714 | D:9      | Reached skill level 1 in Evocations
  9016 | D:9      | Found a hazy altar of Hepliaklqana.
  9020 | D:9      | Found a sparkling altar of Nemelex Xobeh.
  9024 | D:9      | Found a glowing golden altar of the Shining One.
  9113 | D:9      | Found an ancient bone altar of Kikubaaqudgha.
  9209 | D:10     | Entered Level 10 of the Dungeon
  9216 | D:10     | Reached skill level 9 in Fighting
  9221 | D:9      | Huge Dmg: 45 dmg
  9333 | D:10     | Found a staircase to the Orcish Mines.
  9353 | D:10     | Noticed a centaur warrior
  9360 | D:10     | Huge Dmg: 21 dmg
  9368 | D:10     | Killed a centaur warrior
 10371 | D:11     | Found a staircase to the Lair.
 10374 | D:11     | Huge Dmg: 45 dmg
 10375 | D:11     | Reached **** piety under Trog
 10386 | D:11     | Huge Dmg: 17 dmg
 11077 | Lair:1   | Entered Level 1 of the Lair of Beasts
 11077 | Lair:1   | Found a gate leading to a gauntlet.
 11093 | Gauntlet | Entered a Gauntlet
 11093 | Gauntlet | Found a transporter.
 11106 | Gauntlet | Found a transporter.
 11109 | Gauntlet | Noticed a fire crab
 11117 | Gauntlet | Found a transporter.
 11122 | Gauntlet | Found a transporter.
 11130 | Gauntlet | Noticed a blizzard demon
 11137 | Gauntlet | Found a transporter.
 11156 | Gauntlet | Found a transporter.
 11168 | Gauntlet | Found a transporter.
 11168 | Gauntlet | Noticed a reaper
 11174 | Gauntlet | Noticed a ghost crab
 11180 | Gauntlet | Found a transporter.
 11180 | Gauntlet | Noticed a moth of wrath
 11188 | Gauntlet | Noticed a moth of wrath
 11192 | Gauntlet | Found a transporter.
 11200 | Gauntlet | Noticed a wizard
 11204 | Gauntlet | Found a transporter.
 11207 | Gauntlet | Noticed a wizard
 11221 | Gauntlet | Found a transporter.
 11239 | Gauntlet | Found a transporter.
 11241 | Gauntlet | Found a transporter.
 11253 | Gauntlet | Noticed a death scarab
 11263 | Gauntlet | Noticed a moth of wrath
 11286 | Gauntlet | Found a transporter.
 11286 | Gauntlet | Found a transporter.
 11364 | Gauntlet | Found a transporter.
 11384 | Gauntlet | Found a transporter.
 11406 | Gauntlet | Found a transporter.
 11559 | Gauntlet | Killed a moth of wrath
 11729 | Gauntlet | Reached XP level 11. HP: 99/99 MP: 10/10
 11738 | Gauntlet | Reached skill level 10 in Fighting
 11744 | Gauntlet | Huge Dmg: 16 dmg
 11748 | Gauntlet | Slain by a fire crab

Illustrated notes

Levels and vault maps discovered:
D:1:      nagdon_arrival_zigzag_paths, layout_basic
D:2:      layout_basic, serial_shops, shop, hellmonk_ecumenical_altar_zigzags
D:3:      minmay_recursive_quarters, layout_basic, uniq_natasha, uniq_grinder
D:4:      layout_rooms, uniq_eustachio
D:5:      layout_loops_corners, evilmike_ruin_ashenzari, serial_shops,
          nicolae_shop_statue_plus
D:6:      layout_loops_cross, minmay_temple_entry_ruins,
          hangedman_decor_clover_reticule
D:7:      cheibrodos_quashed, layout_basic, zin_scriptorium,
          nicolae_uskayaw_suspiria, serial_shops, shop
D:8:      layout_basic, serial_shops, shop, serial_corexii_hall,
          corexii_hall_statues_x, corexii_hall_statues_deadend
D:9:      layout_cave_pools, grunt_temple_overflow_diamond,
          lemuel_coloured_pillars_altar
D:10:     layout_irregular_city, orc_0_dummy, serial_glass, glass_columns_b,
          glass_columns_b
D:11:     layout_roguey, erik_lair_orcish_takeover
Lair:1:   layout_long_grid, gauntlet_entry_generic, serial_bayou_shore_a
Gauntlet: gammafunk_gauntlet_one_two_three [gammafunk_gauntlet_arena_teeth,
          gammafunk_gauntlet_arena_spirals,
          gammafunk_gauntlet_arena_split_diamond,
          gammafunk_gauntlet_arena_crates, gammafunk_gauntlet_arena_grid,
          gammafunk_gauntlet_arena_arrow_garden,
          nicolae_gauntlet_arena_flowing_pool, nicolae_gauntlet_swirl,
          nicolae_gauntlet_arena_grate_2,
          nicolae_gauntlet_exit_dead_adventurers]

Skill      XL: |  1  2  3  4  5  6  7  8  9 10 11 |
---------------+----------------------------------+-----
Axes           | 4 5 6 7 8 9 |  9.9
Fighting       | 4 5 6 7 8 9 10 | 10.0
Armour         | 3 4 5 6 8 9 |  9.5
Shields        | 1 2 3 4 5 7 |  7.2
Dodging        | 3 4 5 6 7 8 |  8.7
Evocations     | 3 |  3.6

Action                   |  1- 3 |  4- 6 |  7- 9 | 10-12 || total
-------------------------+-------+-------+-------+-------++-------
Melee: Hand axe          |    63 |   107 |   195 |    99 ||   464
       Headbutt          |    13 |    15 |    38 |    22 ||    88
Throw: Stone             |     4 |       |       |       ||     4
       Boomerang         |       |       |     2 |       ||     2
       Dart              |       |       |    14 |     4 ||    18
Invok: Trog's Hand       |     1 |     2 |     1 |       ||     4
       Berserk           |       |     2 |     4 |     2 ||     8
  Use: Scroll            |       |     1 |     6 |     2 ||     9
       Potion            |       |       |     3 |     1 ||     4
 Stab: Distracted        |       |       |     1 |       ||     1
Armor: Animal skin       |     4 |       |       |       ||     4
       Leather armour    |     2 |       |       |       ||     2
       Chain mail        |       |    38 |    98 |    47 ||   183
       Ring mail         |       |    13 |       |       ||    13
Dodge: Dodged            |    45 |    51 |   109 |    69 ||   274
Block: Buckler           |     1 |    22 |    58 |    26 ||   107
